 Dungeon Crawl Stone Soup version 0.32-a0-961-gd60f5e5fc7 (webtiles) character file.

Game seed: 5868288128057880132

31923 olmar the Basher (level 13, 0/174 HPs)
             Began as a Mountain Dwarf Fighter on Apr 17, 2024.
             Was a High Priest of Qazlal.
             Slain by a rakshasa
             ... wielding a +0 long sword
              (2 damage)
             ... on level 13 of the Dungeon.
             The game lasted 00:18:32 (15228 turns).

olmar the Basher (Mountain Dwarf Fighter)          Turns: 15228, Time: 00:18:33

Health: 0/174      AC: 21    Str: 29    XL:     13   Next: 28%
Magic:  0/17       EV:  7    Int: 10    God:    Qazlal [*****.]
Gold:   736        SH: 17    Dex:  9    Spells: 12/12 levels left

rFire   . . .        e - +2 flail (heavy)
rCold   . . .        L - +0 kite shield
rNeg    . . .        F - +0 plate armour
rPois   .            (no helmet)
rElec   .            (no cloak)
rCorr   .            (no gloves)
SInv    .            I - +1 pair of boots
Will    ++...        B - amulet of guardian spirit Stlth
                     l - +6 ring of strength
HPRegen 0.49/turn    p - ring of willpower
MPRegen 0.15/turn

%: repel missiles, guardian spirit
@: berserking (expiring), protected from physical damage, very quick
A: runic magic, artefact enchanting
a: Renounce Religion, Upheaval, Elemental Force, Disaster Area


You were on level 13 of the Dungeon.
You worshipped Qazlal.
Qazlal was extremely pleased with you.
You visited 2 branches of the dungeon, and saw 14 of its levels.
You also visited: Bailey.

You collected 736 gold pieces.

Inventory:

Hand Weapons
 a - a +4 dire flail
 e - a +2 heavy flail (weapon)
 j - a +2 dire flail
 Q - the +8 dire flail "Motok" {flame, rPois}
   (You took it off a yaktaur captain on level 11 of the Dungeon)

   rPois:     It protects you from poison.
Missiles
 c - 2 curare-tipped darts
 w - 35 poisoned darts (quivered)
 y - 17 boomerangs
 N - 2 throwing nets
Armour
 C - a +0 chain mail
 F - a +0 plate armour (worn)
 I - a +1 pair of boots (worn)
 L - a +0 kite shield (worn)
 R - a +0 tower shield
Jewellery
 b - a ring of ice
 k - a ring of see invisible
 l - a +6 ring of strength (left hand)
 p - a ring of willpower (right hand)
 A - a ring of fire
 B - an amulet of guardian spirit (around neck)
 S - a ring of protection from fire
Wands
 D - a wand of roots (7)
 J - a wand of polymorph (6)
 U - a wand of quicksilver (4)
Scrolls
 h - 4 scrolls of summoning
 i - 10 scrolls of vulnerability
 m - a scroll of revelation
 n - a scroll of teleportation
 q - a scroll of fog
 s - a scroll of amnesia {unknown}
 t - 2 scrolls of poison {unknown}
 v - 3 scrolls of brand weapon
 z - 5 scrolls of enchant weapon
 H - 6 scrolls of enchant armour
 K - 2 scrolls of blinking {unknown}
 V - a scroll of fear {unknown}
Potions
 d - 3 potions of might
 f - 2 potions of brilliance
 g - 4 potions of haste
 o - 4 potions of lignification {unknown}
 r - 4 potions of curing
 u - a potion of magic {unknown}
 x - 2 potions of resistance
 E - 5 potions of heal wounds
 G - a potion of invisibility {unknown}
 M - 2 potions of attraction
 P - a potion of mutation {unknown}
 T - a potion of enlightenment {unknown}


   Skills:
 + Level 11.2 Fighting
 + Level 14.6 Maces & Flails
 - Level 0.1 Throwing
 + Level 13.9 Armour
 - Level 1.1 Dodging
 - Level 0.5 Stealth
 + Level 12.4 Shields
 + Level 6.3 Invocations


You had 12 spell levels left.
You didn't know any spells.
Your spell library contained the following spells:

 Spells                   Type           Power      Damage    Failure   Level
 Static Discharge         Conj/Air       0%         3-3/arc   80%         2
 Frozen Ramparts          Ice            0%         1d1       95%         3
 Ozocubu's Armour         Ice            0%         N/A       95%         3
 Teleport Other           Tloc           0%         N/A       95%         3
 Volatile Blastmotes      Fire/Tloc      0%         2d10      95%         3
 Fulminant Prism          Conj/Alch      0%         3d5       100%        4
 Iskenderun's Mystic Bla Conj/Tloc 0%             2d3        (+2d1     100%        4
 Vhi's Electric Charge    Tloc/Air       0%         N/A       100%        4
 Arcjolt                  Conj/Air       0%         1d10      100%        5
 Freezing Cloud           Conj/Ice/Air   0%         6-21      100%        5
 Metabolic Englaciation   Hex/Ice        0%         N/A       100%        5
 Dispersal                Tloc           0%         N/A       100%        6
 Gell's Gavotte           Tloc           0%         2d(11-16) 100%        6
 Plasma Beam              Fire/Air       0%         2x1d10    100%        6
 Spellforged Servitor     Conj/Summ      0%         N/A       100%        7
 Chain Lightning          Conj/Air       0%         N/A       100%        9
 Fire Storm               Conj/Fire      0%         5d1       100%        9
 Shatter                  Erth           0%         3d5*      100%        9


Dungeon Overview and Level Annotations

Branches:
Dungeon (13/15)            Temple (1/1) D:4            Lair (0/5) D:11
    Orc (0/2) D:9          Bailey (visited)
 Vaults: D:13-14

Altars:
Ashenzari
Cheibriados
Dithmenos
Elyvilon
Fedhas
Gozag
Hepliaklqana
Kikubaaqudgha
Makhleb
Nemelex Xobeh
Okawaru
Qazlal
Ru
Sif Muna
Trog
Uskayaw
Vehumet
Wu Jian
Xom
Yredelemnul
Zin
The Shining One

Shops:
D:9 [   D:13 :=


Innate Abilities, Weirdness & Mutations

Your spellcasting is much less encumbered by armour.
You can use scrolls of enchantment on lesser artefacts.


Message History

You block the rakshasa's attack.
You see here a human corpse.
Unknown command.
You barely miss the rakshasa.
You hear a shout!
A vault guard comes into view.
It is wielding a +3 great mace of pain and wearing a +10 plate armour of ponderousness.
Unknown command.
You hit the rakshasa.
The rakshasa is lightly wounded.
The rakshasa gestures at you. The lance of force hits you.
You feel more protected from physical attacks.
* * * LOW HITPOINT WARNING * * *
You are knocked back by the lance of force.
You collide with the vault guard!
The vault guard is heavily wounded.
* * * LOW HITPOINT WARNING * * *
You block the human's attack.
You block the deep elf pyromancer's attack.
The skeletal warrior closely misses you.
The vault guard hits you with a +0 glaive!
* * * LOW HITPOINT WARNING * * *
You feel more protected from physical attacks.
You miss the rakshasa.
The rakshasa is lightly wounded.
The rakshasa hits you with a +0 long sword.
* * * LOW HITPOINT WARNING * * *
You feel more protected from physical attacks.
You block the skeletal warrior's attack.
The deep elf pyromancer barely misses you.
You block the human's attack.
The vault guard hits you but does no damage.
Unknown command.
Unknown command.
Unknown command.
Unknown command.
You barely miss the rakshasa.
The rakshasa is lightly wounded.
The rakshasa hits you with a +0 long sword.
You die...

# ## .. . ##.#
.# #.# #. .
#..### ... ...
... .##....
#.#.# #.#
.#...####
#####... ... #
......... .#
.p#.#p###.# .
#.##.######.##
#Re.#(..$/ .#
..##.#...<...#
#@#####.#####.#
.............#
#pp.#.....#...
#######.#.....
###z#)###.#.#
#...#p######
#zpz.#....#
###.#.#.pp.zz#
####p#.####.#
#...#.#.####zz#
.#......#
....#.#.# .e.#
######.##
#.#.#.### .....
.. #.#.#.#
......z ?..


You could see 4 vault guards, a rakshasa, 3 skeletal warriors, a deep elf
pyromancer and a human.

Vanquished Creatures
  2 yaktaur captains (D:11)
  A vault guard (D:13)
  A centaur warrior (D:13)
  A hydra (D:13)
  5 two-headed ogres
  4 boulder beetles
  2 skeletal warriors
  An arcanist (D:13)
  An orc knight (Bailey)
  A deep elf pyromancer (D:11)
  An ugly thing (D:12)
  3 manticores
  3 cyclopes
  A gargoyle (D:12)
  3 unseen horrors
  Maggie (D:7)
  3 kobold demonologists
  3 trolls
  A merfolk (D:10)
  Prince Ribbit (D:7)
  A shadow (D:11)
  5 wraiths
  28 yaks
  A human (D:13)
  5 steam dragons
  8 vampire mosquitoes
  Edmund (D:5)
  An acid dragon (D:13)
  2 water moccasins (D:8)
  3 black bears
  19 orc warriors
  2 sky beasts
  An ice beast (D:8)
  9 centaurs
  7 kobold brigands
  2 phantoms
  2 bullfrogs
  A scorpion (D:6)
  2 gnoll sergeants
  6 wights (D:9)
  8 killer bees
  2 howler monkeys (D:8)
  A crimson imp (D:6)
  2 bombardier beetles
  4 hounds
  8 orc priests
  3 jellies
  2 iguanas
  13 orc wizards
  9 gnolls
  5 adders
  3 white imps
  2 ufetubi (D:5)
  2 dart slugs
  57 orcs
  5 endoplasms
  4 giant cockroaches
  3 goblins
  7 hobgoblins
  A quokka (D:2)
  11 ball pythons
  5 bats
  3 frilled lizards
  10 kobolds
  20 rats
335 creatures vanquished.

Vanquished Creatures (others)
  A kobold (D:5)
1 creature vanquished.

Grand Total: 336 creatures vanquished

Notes
Turn   | Place    | Note
-------+----------+-------------------------------------------
     0 | D:1      | olmar the Mountain Dwarf Fighter began the quest for the
                  | Orb.
     0 | D:1      | Reached XP level 1. HP: 19/19 MP: 1/1
   114 | D:1      | Reached XP level 2. HP: 7/26 MP: 2/2
   606 | D:2      | Reached XP level 3. HP: 18/31 MP: 3/3
  1141 | D:2      | Reached skill level 3 in Maces & Flails
  1348 | D:3      | Found a faded altar of an unknown god.
  1444 | D:3      | Found a stormy altar of Qazlal.
  1444 | D:3      | Noticed a sky beast
  1455 | D:3      | Killed a sky beast
  1456 | D:3      | Reached skill level 4 in Maces & Flails
  1456 | D:3      | Reached skill level 1 in Dodging
  1456 | D:3      | Reached XP level 4. HP: 4/40 MP: 4/4
  1456 | D:3      | Reached XP level 5. HP: 5/46 MP: 5/5
  1806 | D:3      | Became a worshipper of Qazlal Stormbringer
  2065 | D:3      | Identified the +0 leather armour of the Jabberwock {SInv
                  | Stlth+}
  2322 | D:4      | Found a staircase to the Ecumenical Temple.
  2357 | Temple   | Entered the Ecumenical Temple
  2491 | D:4      | Reached XP level 6. HP: 45/52 MP: 6/6
  2573 | D:4      | Reached skill level 5 in Maces & Flails
  3083 | D:4      | Reached skill level 5 in Armour
  3326 | D:5      | Entered Level 5 of the Dungeon
  3326 | D:5      | Noticed Edmund
  3536 | D:5      | Found an opulent altar of Gozag.
  3636 | D:5      | Reached skill level 6 in Maces & Flails
  3636 | D:5      | Reached XP level 7. HP: 22/60 MP: 7/7
  3786 | D:5      | Killed Edmund
  4366 | D:5      | Reached skill level 7 in Maces & Flails
  4762 | D:6      | Noticed a steam dragon
  4766 | D:5      | Killed a steam dragon
  4767 | D:5      | Reached skill level 5 in Fighting
  4826 | D:6      | Reached XP level 8. HP: 42/68 MP: 6/8
  4826 | D:6      | Reached * piety under Qazlal
  5084 | D:6      | Reached skill level 8 in Maces & Flails
  5085 | D:6      | Reached skill level 5 in Shields
  6275 | D:6      | Reached XP level 9. HP: 50/75 MP: 9/9
  6629 | D:7      | Found a flagged portal.
  6693 | Bailey   | Entered a bailey
  6815 | Bailey   | Reached skill level 9 in Maces & Flails
  6857 | Bailey   | Reached ** piety under Qazlal
  7026 | Bailey   | Reached skill level 11 in Maces & Flails
  7026 | Bailey   | Reached skill level 10 in Armour
  7026 | Bailey   | Reached XP level 10. HP: 90/90 MP: 9/14
  7248 | Bailey   | Noticed an orc knight
  7279 | Bailey   | Killed an orc knight
  7535 | D:7      | Found a shimmering blue altar of Sif Muna.
  7585 | D:7      | Found a shimmering altar of Xom.
  7644 | D:7      | Found a shimmering altar of Xom.
  7670 | D:7      | Noticed a two-headed ogre
  7676 | D:7      | Killed a two-headed ogre
  7712 | D:7      | Noticed Maggie
  7723 | D:7      | Killed Maggie
  7858 | D:7      | Noticed Prince Ribbit
  7861 | D:7      | Killed Prince Ribbit
  8527 | D:8      | Noticed a sixfirhy
  8529 | D:8      | Reached XP level 11. HP: 80/95 MP: 11/15
  8910 | D:8      | Reached skill level 12 in Maces & Flails
  9784 | D:9      | Found Sovulute's Antique Armour Emporium.
  9940 | D:9      | Reached *** piety under Qazlal
 10548 | D:9      | Found a snail-covered altar of Cheibriados.
 10580 | D:9      | Found a staircase to the Orcish Mines.
 10821 | D:10     | Entered Level 10 of the Dungeon
 11151 | D:10     | Reached skill level 13 in Maces & Flails
 11452 | D:10     | Reached **** piety under Qazlal
 11674 | D:10     | Reached XP level 12. HP: 49/106 MP: 11/16
 11853 | D:10     | Found a radiant altar of Vehumet.
 11864 | D:10     | Got Vehumet's Monograph on Force and the Chill
 12140 | D:11     | Reached skill level 10 in Fighting
 12166 | D:11     | Noticed a boulder beetle
 12174 | D:11     | Reached skill level 10 in Shields
 12181 | D:11     | Killed a boulder beetle
 12313 | D:11     | Noticed a two-headed ogre
 12319 | D:11     | Killed a two-headed ogre
 12543 | D:11     | Reached skill level 14 in Maces & Flails
 12558 | D:11     | Noticed a two-headed ogre
 12564 | D:11     | Killed a two-headed ogre
 12758 | D:11     | Found a staircase to the Lair.
 12794 | D:11     | Noticed a boulder beetle
 12799 | D:11     | Killed a boulder beetle
 13214 | D:11     | Identified the +1 great sword of Exquisite Torment {freeze,
                  | *Rage Str+6 Dex+2}
 13214 | D:11     | Noticed a yaktaur captain
 13228 | D:11     | Killed a yaktaur captain
 13235 | D:11     | Identified the +8 dire flail "Motok" {flame, rPois}
 13235 | D:11     | Noticed a yaktaur captain
 13240 | D:11     | Killed a yaktaur captain
 13428 | D:11     | Noticed a two-headed ogre
 13440 | D:11     | Killed a two-headed ogre
 13884 | D:12     | Noticed a two-headed ogre
 13892 | D:12     | Killed a two-headed ogre
 14009 | D:12     | Noticed a boulder beetle
 14009 | D:12     | Noticed a boulder beetle
 14024 | D:12     | Killed a boulder beetle
 14036 | D:12     | Killed a boulder beetle
 14051 | D:12     | Reached XP level 13. HP: 84/115 MP: 13/17
 14839 | D:13     | Found Fosentio's Jewellery Emporium.
 14849 | D:13     | Reached ***** piety under Qazlal
 15055 | D:13     | Found Nytt's Tiny Tomes.
 15226 | D:13     | HP: 5/174 [vault guard/+0 glaive (13)]
 15227 | D:13     | HP: 2/174 [rakshasa/+0 long sword (3)]
 15228 | D:13     | Slain by a rakshasa

Illustrated notes

Levels and vault maps discovered:
D:1:      grunt_arrival_lava_bath, layout_basic
D:2:      layout_loops_ring, minmay_rat_hole
D:3:      layout_basic, nicolae_qazlal_beasts_of_the_sky,
          nicolae_ecumenical_pavilion, minmay_crystal_room
D:4:      nicolae_cairo_tiling, layout_loops_corners,
          minmay_temple_entry_stoned_glass
D:5:      layout_cave_pods, mainiacjoe_overflow_24_doors,
          nicolae_figureground_pulse, uniq_edmund
D:6:      nicolae_whirlpool, layout_gridville, minmay_fire_ice_demons
D:7:      layout_basic, nicolae_sif_muna_condensation, xom_redecorated,
          nicolae_ossuary_entry_monument, enter_bailey_8, uniq_maggie,
          uniq_prince_ribbit1
D:8:      layout_layer_cave, item_on_display_a
D:9:      layout_roguey, kennysheep_slug_shrine, david_orc_4, serial_shops,
          nicolae_shop_waterfront
D:10:     layout_roguey, roadster_trireme
D:11:     nzn_winding_woodlands_stair_trap [nzn_winding_woodlands_5x15_crooked,
          nzn_winding_woodlands_5x15_concentric, nzn_winding_woodlands_5x15_eye,
          nzn_winding_woodlands_15x15_boxy_spiral,
          nzn_winding_woodlands_5x15_longhouse,
          nzn_winding_woodlands_5x15_zeroes,
          nzn_winding_woodlands_5x15_split_checker], layout_basic,
          minmay_misc_feat_tower
D:12:     layout_rooms
D:13:     layout_basic, ximxim_vaults_locker_room,
          nicolae_shop_i_like_small_books_too, nicolae_stop_n_shop_2,
          dk_noncrumbling_3, nicolae_doodle_vault
Temple:   minmay_temple_bridge_d

Skill      XL: |  1  2  3  4  5  6  7  8  9 10 11 12 13 |
---------------+----------------------------------------+-----
Maces & Flails | 4 6 7 8 11 13 14 | 14.6
Armour         | 4 5 6 8 10 11 12 13 | 13.9
Dodging        | 1 |  1.1
Fighting       | 4 5 6 8 9 10 11 | 11.2
Shields        | 4 5 8 9 11 12 | 12.4
Invocations    | 6 |  6.3
Throwing       | |  0.1
Stealth        | |  0.5

Action                     |  1- 3 |  4- 6 |  7- 9 | 10-12 | 13-15 || total
---------------------------+-------+-------+-------+-------+-------++-------
  Melee: Flail             |   158 |   141 |   153 |   527 |    90 ||  1069
  Throw: Dart              |     3 |     1 |     5 |    40 |    15 ||    64
         Boomerang         |       |       |    24 |    16 |       ||    40
  Evoke: Wand              |       |       |     1 |    11 |       ||    12
    Use: Potion            |     1 |       |     3 |     1 |     3 ||     8
         Scroll            |       |     4 |     2 |     6 |     3 ||    15
 Armour: Scale mail        |   147 |   157 |   128 |       |       ||   432
         Chain mail        |       |       |   125 |    30 |       ||   155
         Plate armour      |       |       |       |   370 |   158 ||   528
  Dodge: Dodged            |    83 |    77 |   120 |   147 |    24 ||   451
         Repelled          |       |       |       |     3 |     3 ||     6
  Block: Buckler           |    48 |    29 |    93 |   112 |       ||   282
         Kite shield       |       |       |       |   253 |   117 ||   370

Table legend: (Time is in decaauts)
 A = Elapsed time spent in this place.
 B = Non-inter-level travel time spent in this place.
 C = Inter-level travel time spent in this place.
 D = Time resting spent in this place.
 E = Time spent auto-exploring this place.
 F = Levels seen in this place.
 G = Mean time per level.
                   A        B        C        D        E       F      G
               +--------+--------+--------+--------+--------+-----+--------+
         Total |  15525 |  14940 |    585 |   2279 |   9942 |  15 | 1035.0 |
       Dungeon |  14616 |  14031 |    585 |   1950 |   9605 |  13 | 1124.3 |
        Temple |    116 |    116 |      0 |     76 |      0 |   1 |  116.0 |
        Bailey |    792 |    792 |      0 |    253 |    337 |   1 |  792.0 |
               +--------+--------+--------+--------+--------+-----+--------+

Top non-repeatable levels by time:
     D:6: 1837 daAuts
    D:11: 1742 daAuts
     D:9: 1374 daAuts
    D:10: 1349 daAuts
     D:5: 1340 daAuts
     D:4: 1214 daAuts
     D:8: 1158 daAuts
    D:12: 997 daAuts
     D:7: 966 daAuts
     D:3: 907 daAuts
  Bailey: 792 daAuts
     D:2: 744 daAuts
     D:1: 592 daAuts
    D:13: 391 daAuts
  Temple: 116 daAuts
